AoeStats
← Arakli61

MegaRandom

504333518Analyzed
1v1 RM · 28d ago on Sep 4, 2026· 51m 27s· 2 players
Game mode
Random Map
Map size
Tiny (2 player)
Population
200
Speed
Normal
Resources
Standard
Victory
Conquest
Starting age
Dark Age
Ending age
Imperial Age
RankedLock teamsTeams togetherTeam positionsShared explorationLock speedFull tech treeHidden civsTurbo modeCheats
Victory
Defeat
🇹🇷 Ethiopians · Türkiye
988
+16
🇨🇴 Byzantines · Colombia
994
-16
Arakli61
4:00 Loom
10:12 Feudal Age
11:05 Double-Bit Axe
11:02 Horse Collar
14:00 Gold Mining
21:46 Wheelbarrow
23:46 Castle Age
22:42 Fletching
22:53 Padded Archer Armor
23:04 Stone Mining
25:20 Bow Saw
25:50 Crossbowman
26:37 Thumb Ring
27:09 Heavy Plow
29:47 Squires
30:15 Ballistics
30:13 Leather Archer Armor
29:53 Bodkin Arrow
30:38 Hand Cart
31:09 Gold Shaft Mining
35:29 Stone Shaft Mining
36:32 Town Watch
41:14 Imperial Age
38:45 Town Patrol
40:42 Forging
40:32 Scale Mail Armor
43:32 Conscription
45:28 Ring Archer Armor
44:58 Bracer
44:20 Arbalester
46:33 Chemistry
46:39 Two-Man Saw
Champetú
8:29 Loom
11:06 Feudal Age
12:16 Double-Bit Axe
14:56 Forging
19:58 Gold Mining
23:51 Castle Age
23:54 Scale Barding Armor
31:18 Wheelbarrow
39:34 Imperial Age
40:52 Conscription
40:05 Cavalier
44:28 Iron Casting
45:18 Bow Saw
45:46 Chain Barding Armor
45:18 Fletching
45:29 Padded Archer Armor
45:23 Elite Skirmisher
46:09 Thumb Ring
47:51 Horse Collar
51:36 Hand Cart
Connection lost

Rejoining the realm…

Still unreachable

The connection could not be restored.

Session expired

The server has moved on; the page needs a fresh start.